Map: Magannatha LE

Players

jeannysu - Winner!

  • Race: Zerg Zerg
  • Spawn Location: 5:00

인공지능 칸 (정예)

  • Race: Terran Terran
  • Spawn Location: 11:00

VOD

Have the link to the VOD?

Description

Time

  • Played on: Sept. 23, 2025, 1:13 p.m.
  • Length: 11:13
Show
View Real Time Build Order
Export as new Build Order

jeannysu Zerg - Winner!

Build Orders: Hatch First 

Get SALT Encoding   

  12  0:00  Drone  
  13  0:08  Drone  
  14  0:15  Drone, Extractor  
  15  0:22  Overlord  
  15  0:46  Drone, Hatchery  
  15  0:50  Drone  
  15  0:54  Drone  
  17  0:58  Drone  
  18  1:09  Extractor  
  17  1:15  Spawning Pool  
  17  1:18  Drone  
  17  1:21  Drone  
  18  1:29  Drone  
  19  1:41  Drone  
  20  2:01  Queen x2  
  20  2:03  Zergling x4  
  20  2:04  Drone  
  27  2:08  Overlord  
  27  2:15  Drone  
  28  2:22  Metabolic Boost  
  28  2:38  Drone  
  28  2:39  Drone  
  28  2:42  Hatchery  
  29  2:49  Drone x2  
  32  2:51  Drone x2  
  32  2:53  Drone  
  34  3:03  Queen  
  36  3:11  Overlord  
  36  3:17  Overlord  
  36  3:29  Zergling x2  
  36  3:30  Zergling x8  
  36  3:31  Zergling x2  
  42  3:45  Drone  
  42  3:46  Drone x2  
  42  3:48  Drone x3  
  48  3:59  Queen  
  48  4:00  Drone  
  48  4:01  Drone x2  
  53  4:06  Drone x2  
  53  4:07  Overlord  
  55  4:16  Extractor  
  54  4:17  Extractor  
  54  4:21  Drone x5  
  54  4:23  Overlord x2  
  58  4:24  Overlord  
  58  4:32  Drone  
  58  4:34  Drone  
  58  4:35  Queen  
  58  4:38  Lair  
  62  4:42  Drone  
  62  4:43  Drone, Extractor  
  62  4:44  Drone  
  64  4:47  Drone x2  
  64  4:48  Drone  
  64  4:50  Drone  
  64  4:51  Drone  
  70  4:52  Drone  
  70  4:54  Drone  
  70  4:55  Drone  
  72  5:19  Drone x3  
  76  5:21  Zergling x2  
  76  5:22  Zergling x8  
  80  5:43  Drone x2, Hatchery  
  80  5:46  Zergling x10  
  80  5:48  Overlord x3  
  86  6:02  Overlord x3  
  86  6:08  Evolution Chamber  
  86  6:09  Evolution Chamber  
  86  6:10  Drone x3  
  87  6:24  Spire  
  86  6:27  Drone, Extractor  
  86  6:28  Drone x5, Extractor  
  90  6:37  Zergling x8  
  90  6:38  Zergling x10  
  99  6:50  Zerg Melee Weapons Level 1  
  99  6:53  Zerg Ground Armor Level 1  
  99  6:59  Drone x3  
  99  7:01  Drone x4  
  106  7:05  Drone  
  106  7:06  Drone x6  
  106  7:08  Drone x5  
  116  7:10  Zergling x2  
  119  7:40  Mutalisk  
  119  7:41  Mutalisk x11  
  143  7:48  Zerg Flyer Weapons Level 1  
  143  7:52  Infestation Pit  
  141  8:03  Zergling x8  
  143  8:06  Extractor  
  143  8:08  Overlord x4  
  143  8:10  Extractor  
  141  8:14  Mutalisk  
  143  8:27  Drone x2  
  142  8:39  Hatchery  
  142  8:40  Mutalisk  
  142  8:41  Mutalisk x6  
  122  8:42  Mutalisk x4  
  117  9:01  Drone x9  
  117  9:02  Drone x7  
  133  9:08  Extractor  
  131  9:10  Zergling x4  
  131  9:11  Zergling x8  
  131  9:16  Mutalisk  
  136  9:17  Mutalisk x3  
  142  9:29  Hive  
  142  9:36  Zergling x2  
  142  9:37  Zergling x26  
  152  9:43  Mutalisk  
  154  9:49  Hatchery  
  153  9:54  Mutalisk x4  
  153  9:55  Mutalisk  
  160  10:33  Mutalisk  
  160  10:34  Mutalisk x7  
Show
View Real Time Build Order
Export as new Build Order

인공지능 칸 (정예) Terran 

Build Orders:  

Get SALT Encoding   

  12  0:00  SCV  
  13  0:13  SCV  
  14  0:18  Supply Depot  
  14  0:25  SCV  
  15  0:39  SCV  
  16  0:43  Barracks  
  16  0:51  SCV  
  17  1:03  SCV  
  18  1:15  SCV  
  18  1:17  Supply Depot  
  19  1:21  Refinery  
  19  1:28  SCV  
  19  1:30  Marine  
  21  1:40  SCV  
  22  1:47  Marine  
  22  1:49  Barracks  
  22  1:52  SCV  
  22  1:53  Refinery  
  24  2:01  Supply Depot  
  24  2:04  SCV  
  24  2:05  Marine  
  26  2:16  SCV  
  27  2:23  Marine, Factory  
  27  2:28  SCV  
  29  2:35  Marine  
  30  2:40  SCV  
  30  2:41  Marine  
  32  2:52  SCV  
  32  2:53  Marine  
  34  2:59  Marine  
  34  3:04  SCV  
  34  3:05  Barracks  
  36  3:11  Marine  
  37  3:16  SCV  
  37  3:18  Barracks Tech Lab  
  38  3:26  Starport  
  38  3:27  Factory Tech Lab  
  38  3:29  SCV  
  38  3:31  Supply Depot, Barracks Tech Lab  
  39  3:53  Marine x2, SCV  
  42  3:57  Stimpack  
  41  4:05  Combat Shield, SCV  
  41  4:07  Marine  
  43  4:11  Marine  
  44  4:17  SCV  
  45  4:29  SCV  
  46  4:41  SCV  
  46  4:42  Supply Depot  
  47  5:01  Supply Depot  
  47  5:04  Marauder x2, Hellion, SCV  
  54  5:11  Command Center  
  54  5:17  Orbital Command  
  54  5:26  Marauder, Hellion  
  58  5:32  Supply Depot  
  58  5:35  Marauder  
  59  5:47  Marauder, Hellion, Engineering Bay  
  63  5:58  Supply Depot  
  63  6:00  Marauder  
  65  6:08  Marauder, Hellion  
  69  6:13  Terran Infantry Armor Level 1  
  69  6:21  Marauder  
  69  6:24  Supply Depot, SCV  
  71  6:27  SCV  
  71  6:30  Hellion  
  74  6:36  SCV  
  74  6:39  SCV  
  76  6:46  Concussive Shells  
  76  6:48  SCV  
  76  6:51  Hellion, SCV  
  79  6:56  Command Center  
  79  7:00  SCV  
  80  7:09  SCV  
  80  7:12  SCV  
  80  7:13  Hellion  
  84  7:20  Engineering Bay  
  84  7:21  SCV  
  85  7:24  Supply Depot  
  85  7:28  Armory  
  85  7:34  Hellion  
  87  7:40  Marine x2  
  87  7:42  Marine  
  90  7:46  Terran Infantry Weapons Level 1  
  90  7:50  Armory  
  88  7:55  Hellion  
  88  7:57  Marine  
  91  7:58  Marauder  
  91  8:01  Barracks Reactor  
  91  8:12  Command Center  
  91  8:16  Terran Vehicle Weapons Level 1  
  91  8:17  Hellion  
  93  8:26  Marine  
  93  8:27  Supply Depot  
  93  8:28  Marine  
  94  8:35  Liberator  
  94  8:37  Marine, Terran Vehicle And Ship Armor Level 1  
  94  8:38  Hellion  
  88  8:49  Marine  
  88  8:50  Marine  
  88  8:52  Marine  
  88  8:55  Marine  
  86  8:59  Hellion  
  87  9:04  Infernal Pre-Igniter  
  87  9:06  Marine  
  87  9:09  Marauder  
  90  9:10  Marine  
  90  9:13  Marine  
  90  9:18  Liberator  
  88  9:24  Marine  
  88  9:25  SCV  
  88  9:27  SCV  
  88  9:28  Marine  
  88  9:29  SCV  
  88  9:30  Marine  
  82  9:33  Marine  
  82  9:37  SCV  
  71  9:39  SCV  
  71  9:41  SCV  
  71  9:42  Marine  
  62  9:45  Marine  
  62  9:48  Marauder  
  62  9:49  SCV  
  62  9:51  Marine  
  60  9:53  SCV  
  60  9:55  SCV  
  58  10:00  Marine  
  58  10:01  SCV, Medivac  
  58  10:03  Marine  
  58  10:05  SCV  
  62  10:07  SCV  
  62  10:09  Marine x2  
  62  10:13  SCV  
  47  10:17  SCV  
  47  10:18  Marine  
  43  10:21  Marine  
  43  10:26  Marine  
  43  10:27  Marauder  
  40  10:36  Marauder  
  40  10:39  Marine  
Tags
 
Matchup
TvZ
Replay Pack
새 폴더
Spawn Locations
Cross Positions
Add a new tag
Caveats
  • Supply blocks, unpowered buildings, or Contaminate may cause inaccurate times.
  • Supply counts are checked every 10 seconds.